 Dungeon Crawl Stone Soup version 0.28-a0-909-g796cbd3a86 (webtiles) character file.

Game seed: 11793417665575214243

32 bjtr the Vexing (level 3, -4/26 HPs)
             Began as a Formicid Arcane Marksman on Nov 24, 2021.
             Slain by a bullfrog (6 damage)
             ... on level 3 of the Dungeon.
             The game lasted 00:08:27 (2011 turns).

bjtr the Vexing (Formicid Arcane Marksman)          Turns: 2011, Time: 00:08:29

Health: -4/26      AC:  3    Str: 14    XL:     3   Next: 45%
Magic:  2/5        EV: 11    Int: 13    God:
Gold:   98         SH:  0    Dex: 11    Spells: 3/4 levels left

rFire   . . .      SeeInvis +   a - +0 hand crossbow
rCold   . . .      Faith    .   (no shield)
rNeg    . . .      Spirit   .   i - +0 leather armour
rPois   .          Reflect  .   (helmet unavailable)
rElec   .          Harm     .   (no cloak)
rCorr   .          Rampage  .   (no gloves)
Will    .....                   (no boots)
Stlth   +.........              (no amulet)
HPRegen 0.08/turn               (no ring)
MPRegen 0.09/turn               (no ring)

@: no status effects
A: permanent stasis, dig shafts and tunnels, antennae 3, four strong arms
a: Dig, Shaft Self


You were on level 3 of the Dungeon.
You visited 1 branch of the dungeon, and saw 3 of its levels.

You collected 98 gold pieces.

Inventory:

Hand Weapons
 a - a +0 hand crossbow (weapon)
 b - a +0 spear
 e - a +0 short sword
 h - a +0 mace
Missiles
 c - 38 bolts (quivered ammo)
Armour
 d - a +0 robe
 i - a +0 leather armour (worn)
Scrolls
 j - a scroll of enchant armour {unknown}
Potions
 f - a potion of curing {unknown}
 g - a potion of degeneration {unknown}


   Skills:
 + Level 1.1 Fighting
 + Level 0.4 Polearms
 * Level 2.4 Crossbows
 * Level 0.2 Armour
 - Level 1.7 Dodging
 + Level 0.2 Stealth
 * Level 1.2 Shields
 * Level 1.4 Spellcasting
 * Level 4.1 Hexes


You had 3 spell levels left.
You knew the following spells:

 Your Spells              Type           Power      Damage    Failure   Level
a - Slow                  Hex            44%        N/A       6%          1

Your spell library contained the following spells:

 Spells                   Type           Power      Damage    Failure   Level
 Inner Flame              Hex/Fire       6%         N/A       41%         3
 Portal Projectile        Hex/Tloc       12%        N/A       41%         3
 Cause Fear               Hex            5%         N/A       52%         4


Dungeon Overview and Level Annotations

Branches:
Dungeon (3/15)

Altars:

Shops:
D:2 [!(


Innate Abilities, Weirdness & Mutations

You cannot be hasted, slowed, berserked, paralysed or teleported.
You can dig through walls and to a lower floor.
You have a pair of large antennae on your head. (SInv)
Your four strong arms can wield two-handed weapons with a shield.


Message History

Aim: a bullfrog (heavily wounded, slow, 53% to hit)
You shoot a bolt. The bolt barely misses the bullfrog.
The bullfrog closely misses you.
Fire: 43 bolts
Press: ? - help, Q - select action, (/) - cycle Shift-Dir - straight line, f/p - bullfrog
Aim: a bullfrog (heavily wounded, slow, 53% to hit)
You shoot a bolt. The bolt barely misses the bullfrog.
The bullfrog hits you. The bullfrog hits you!
Fire: 42 bolts
Press: ? - help, Q - select action, (/) - cycle Shift-Dir - straight line, f/p - bullfrog
Aim: a bullfrog (moderately wounded, slow, 53% to hit)
You shoot a bolt. The bolt closely misses the bullfrog.
The bullfrog hits you.
Fire: 41 bolts
Press: ? - help, Q - select action, (/) - cycle Shift-Dir - straight line, f/p - bullfrog
Aim: a bullfrog (moderately wounded, slow, 53% to hit)
You shoot a bolt. The bolt hits the bullfrog.
The bullfrog is heavily wounded.
The bullfrog hits you.
Fire: 40 bolts
Press: ? - help, Q - select action, (/) - cycle Shift-Dir - straight line, f/p - bullfrog
Aim: a bullfrog (heavily wounded, slow, 53% to hit)
You shoot a bolt. The bolt hits the bullfrog!
The bullfrog is almost dead.
The bullfrog is no longer moving slowly.
The bullfrog hits you. The bullfrog barely misses you.
Casting: Slow (safe; 6% risk of failure)
Confirm with . or Enter, or press ? or * to list all spells.
Aiming: Slow (safe; 6% risk of failure)
Press: ? - help, Shift-Dir - straight line, f/p - bullfrog
Aim: a bullfrog (almost dead, chance to affect: 47%)
The bullfrog seems to slow down.
The bullfrog hits you!
* * * LOW HITPOINT WARNING * * *
Unknown command.
Fire: 39 bolts
Press: ? - help, Q - select action, (/) - cycle Shift-Dir - straight line, f/p - bullfrog
Aim: a bullfrog (almost dead, slow, 53% to hit)
You shoot a bolt. The bolt misses the bullfrog.
The bullfrog hits you.
You die...

.................
..............(.(.
..................
................<.
......?............
............(.......
....................
..........F.........
.........@..........
....................
..........††.......(
....................
.......<............
....................
....................
....................
....................


You could see a bullfrog (slow).

Vanquished Creatures
  An adder (D:2)
  5 bats
  An endoplasm (D:2)
  A giant cockroach (D:1)
  3 hobgoblins
  3 kobolds (D:1)
  5 ball pythons
  4 frilled lizards
  A rat (D:1)
24 creatures vanquished.

Notes
Turn   | Place    | Note
-------+----------+-------------------------------------------
     0 | D:1      | bjtr the Formicid Arcane Marksman began the quest for the
                  | Orb.
     0 | D:1      | Reached XP level 1. HP: 15/15 MP: 2/2
   194 | D:1      | Reached XP level 2. HP: 21/21 MP: 0/3
   564 | D:1      | Reached skill level 4 in Hexes
   929 | D:2      | Reached skill level 1 in Shields
   965 | D:2      | Reached XP level 3. HP: 21/26 MP: 0/5
  1087 | D:2      | Found Atemo's Distillery.
  1101 | D:2      | Found Ehet's Armour Shoppe.
  1470 | D:2      | Found Ylyogij's Antique Weapon Shoppe.
  1992 | D:3      | Noticed a bullfrog
  2011 | D:3      | Slain by a bullfrog

Illustrated notes

Levels and vault maps discovered:
D:1:      lemuel_arrival_room, layout_rooms
D:2:      layout_basic, serial_shops, shop_fountains, shop,
          nicolae_shop_hallway_plus
D:3:      minmay_chambers_of_twos, layout_basic,
          shapermc_ecumenical_altar_acropolis, minmay_diced_spiral

Skill      XL: |  1  2 |
---------------+-------+-----
Hexes          | 4 |  4.1
Shields        | 1 |  1.2
Fighting       | |  1.1
Polearms       | |  0.4
Crossbows      | |  2.4
Armour         | |  0.2
Dodging        | |  1.7
Stealth        | |  0.2
Spellcasting   | |  1.4

Action                   || total
-------------------------++-------
Melee: Spear             ||    67
       Mace              ||     4
 Fire: Hand crossbow     ||    19
 Cast: Slow              ||    30
  Use: Scroll            ||     2
Armor: Robe              ||    20
       Leather armour    ||     6
Dodge: Dodged            ||    61

Table legend: (Time is in decaauts)
 A = Elapsed time spent in this place.
 B = Non-inter-level travel time spent in this place.
 C = Inter-level travel time spent in this place.
 D = Time resting spent in this place.
 E = Time spent auto-exploring this place.
 F = Levels seen in this place.
 G = Mean time per level.
                   A        B        C        D        E       F      G
               +--------+--------+--------+--------+--------+-----+--------+
         Total |   2020 |   1960 |     60 |    285 |   1340 |   3 |  673.3 |
       Dungeon |   2020 |   1960 |     60 |    285 |   1340 |   3 |  673.3 |
               +--------+--------+--------+--------+--------+-----+--------+

Top non-repeatable levels by time:
     D:2: 1044 daAuts
     D:1: 925 daAuts
     D:3: 50 daAuts
